 Dungeon Crawl Stone Soup version 0.29-a0-323-g050149af67 (webtiles) character file.

Game seed: 13682663397218780190

616 Armakuni the Digger (level 7, -1/46 HPs)
             Began as a Human Wanderer on Apr 10, 2022.
             Was an Initiate of Vehumet.
             Slain by a hound (5 damage)
             ... on level 5 of the Dungeon on Apr 11, 2022.
             The game lasted 00:11:14 (4483 turns).

Armakuni the Digger (Human Wanderer)                Turns: 4483, Time: 00:11:15

Health: -1/46      AC:  6    Str:  9 (10) XL:     7   Next: 73%
Magic:  11/11      EV: 12    Int: 13 (15) God:    Vehumet [......]
Gold:   188        SH:  0    Dex: 13 (14) Spells: 3/12 levels left

rFire   . . .      SeeInvis .   a - +4 dagger (venom)
rCold   . . .      Faith    .   (no shield)
rNeg    . . .      Spirit   .   n - +2 robe {Will+}
rPois   .          Reflect  .   (no helmet)
rElec   .          Harm     .   e - +1 cloak
rCorr   .          Rampage  .   (no gloves)
Will    +....                   (no boots)
Stlth   +.........              (no amulet)
HPRegen 0.15/turn               (no ring)
MPRegen 0.12/turn               (no ring)

@: mighty, flying
A: no striking features
a: Renounce Religion


You were on level 5 of the Dungeon.
You worshipped Vehumet.
Vehumet was noncommittal.
You visited 2 branches of the dungeon, and saw 6 of its levels.

You collected 188 gold pieces.

Inventory:

Hand Weapons
 a - a +4 dagger of venom (weapon)
Missiles
 c - 77 stones
Armour
 e - a +1 cloak (worn)
 k - a +0 buckler
 n - a +2 robe of willpower (worn)
Scrolls
 i - a scroll of enchant armour
 p - a scroll of teleportation
Potions
 b - 2 potions of lignification
 d - a potion of cancellation
 f - a potion of degeneration
 g - a potion of flight
 h - a potion of might
 j - 2 potions of invisibility {unknown}
 q - a potion of ambrosia {unknown}
 r - 2 potions of curing {unknown}
 t - a potion of resistance {unknown}
 u - 2 potions of brilliance {unknown}


   Skills:
 - Level 3.0 Dodging
 - Level 3.0 Spellcasting
 - Level 4.0 Conjurations
 - Level 3.0 Summonings
 + Level 6.4 Earth Magic


You had 3 spell levels left.
You knew the following spells:

 Your Spells              Type           Power      Damage    Failure   Level
a - Stone Arrow           Conj/Erth      30%        3d8       9%          3
k - Call Canine Familiar  Summ           9%         N/A       21%         3
w - Passwall              Tmut/Erth      8%         N/A       10%         2
z - Sandblast             Erth           36%        2d10      1%          1

Your spell library contained the following spells:

 Spells                   Type           Power      Damage    Failure   Level
 Summon Small Mammal      Summ           36%        N/A       7%          1
 Shock                    Conj/Air       28%        1d4       10%         1
 Call Imp                 Summ           9%         N/A       10%         2
 Ensorcelled Hibernation  Hex/Ice        2%         N/A       34%         2
 Confusing Touch          Hex            1%         N/A       56%         3
 Swiftness                Air            1%         N/A       56%         3
 Airstrike                Air            0%         N/A       92%         4
 Yara's Violent Unravell  Hex/Tmut       0%         3d3       99%         5
 Enfeeble                 Hex            0%         N/A       100%        7


Dungeon Overview and Level Annotations

Branches:
Dungeon (5/15)             Temple (1/1) D:4

Altars:
Ashenzari
Cheibriados
Dithmenos
Elyvilon
Fedhas
Gozag
Hepliaklqana
Kikubaaqudgha
Nemelex Xobeh
Okawaru
Ru
Trog
Uskayaw
Vehumet
Wu Jian
Zin
The Shining One

Annotations:
D:3 2 transporters, kae's ghost, amateur TeFE
D:4 1 runed translucent door, Armakuni's ghost, amateur HuWn


Message History

The hound barely misses you. The centaur closely misses you.
The centaur kicks you. The hound bites you. The white imp gestures at you.
The puff of frost hits you!
You closely miss the centaur.
The centaur is heavily wounded.
The centaur hits you. The centaur misses you. The hound bites you.
The centaur barely misses you. The centaur closely misses you.
The white imp gestures at you. The puff of frost misses you.
You hit the centaur.
The centaur is almost dead.
The hound closely misses you.
The centaur hits you but does no damage.
The centaur misses you. The hound bites you.
* * * LOW HITPOINT WARNING * * *
It was a potion of degeneration.
There was something very wrong with that liquid.
You feel weakened.
You feel dopey.
You feel clumsy. The centaur hits you.
* * * LOW HITPOINT WARNING * * *
The centaur misses you. The hound barely misses you.
The centaur barely misses you.
The centaur kicks you but does no damage.
It was a potion of flight.
You feel very buoyant.
You fly up into the air.
You kill the centaur!
Vehumet accepts your kill. The hound bites you but does no damage.
The white imp hits you.
* * * LOW HITPOINT WARNING * * *
The white imp freezes you.
* * * LOW HITPOINT WARNING * * *
The hound bites you.
* * * LOW HITPOINT WARNING * * *
You feel your strength returning.
It was a potion of might.
You feel very mighty all of a sudden. The hound bites you.
You die...

. .. .......#..# .
.....[...## #
........... ..# #..
.......... ##
#..##.###......... . ..
#..#.##.......#
#<..####.....#..5)...#
...........)....@.#
..#####.........h.#
.....#..........$.#
..............)...#
.##.....##............
.............#.#......
......#......##........
.##.......#..# ........
.........##### ..######


You could see a hound and a white imp.

Vanquished Creatures
  Sigmund (D:4)
  An ogre (D:3)
  A centaur (D:5)
  2 iguanas (D:4)
  3 orc wizards
  3 gnolls (D:2)
  3 adders
  4 worms
  2 dart slugs (D:3)
  16 orcs
  5 ball pythons
  3 bats
  2 endoplasms (D:4)
  A giant cockroach (D:1)
  7 goblins
  5 hobgoblins
  2 jackals (D:3)
  A kobold (D:1)
  5 quokkas
  2 frilled lizards
  5 rats
74 creatures vanquished.

Notes
Turn   | Place    | Note
-------+----------+-------------------------------------------
     0 | D:1      | Armakuni the Human Wanderer began the quest for the Orb.
     0 | D:1      | Armakuni set off with the following items: a +0 dagger, a
                  | potion of lignification, 27 stones, a +0 robe, a +0 cloak;
                  | and the following spells available to memorise: Sandblast,
                  | Summon Small Mammal, Call Imp, Call Canine Familiar, Stone
                  | Arrow
     0 | D:1      | Reached XP level 1. HP: 13/13 MP: 2/2
     3 | D:1      | Learned a level 1 spell: Sandblast
    54 | D:1      | Found a faded altar of an unknown god.
   315 | D:1      | Reached XP level 2. HP: 19/19 MP: 1/3
  1258 | D:1      | Reached skill level 4 in Earth Magic
  1258 | D:1      | Reached XP level 3. HP: 24/24 MP: 0/4
  1512 | D:2      | Reached XP level 4. HP: 18/30 MP: 2/5
  1653 | D:2      | Learned a level 3 spell: Stone Arrow
  2190 | D:3      | Found a shadowy altar of Dithmenos.
  2325 | D:3      | Reached XP level 5. HP: 27/35 MP: 0/8
  2457 | D:3      | Found a transporter.
  2460 | D:3      | Noticed kae's ghost (amateur TeFE)
  2492 | D:3      | Found a transporter.
  2511 | D:3      | Noticed an ogre
  2518 | D:3      | Killed an ogre
  2519 | D:3      | Reached XP level 6. HP: 33/41 MP: 4/10
  2524 | D:3      | Learned a level 3 spell: Call Canine Familiar
  3059 | D:4      | Noticed Sigmund
  3153 | D:4      | Killed Sigmund
  3154 | D:4      | Reached skill level 5 in Earth Magic
  3154 | D:4      | Reached XP level 7. HP: 39/46 MP: 1/11
  3236 | D:4      | Found a runed translucent door.
  3236 | D:4      | Noticed Armakuni's ghost (amateur HuWn)
  3319 | D:4      | Found a staircase to the Ecumenical Temple.
  3349 | Temple   | Entered the Ecumenical Temple
  3453 | Temple   | Became a worshipper of Vehumet
  4036 | D:4      | Reached skill level 6 in Earth Magic
  4426 | D:5      | Entered Level 5 of the Dungeon
  4443 | D:5      | Learned a level 2 spell: Passwall
  4483 | D:5      | Slain by a hound

Illustrated notes

Levels and vault maps discovered:
D:1:      giann_horns, layout_basic, chequers_ecumenical_altar_simple
D:2:      layout_rooms
D:3:      layout_basic, overflow_temple_1_default, gammafunk_ghost_mausoleum
D:4:      layout_basic, temple_pool_b, gammafunk_ghost_grave, uniq_sigmund
D:5:      layout_cave_pools, nicolae_qazlal_scattered_showers
Temple:   compressed_dpeg_circular_temple

Skill      XL: |  1  2  3  4  5  6  7 |
---------------+----------------------+-----
Earth Magic    | 4 5 6 |  6.4
Spellcasting   | 2 3 |  3.0
Conjurations   | 2 4 |  4.0
Dodging        | |  3.0
Summonings     | |  3.0

Action                   |  1- 3 |  4- 6 |  7- 9 || total
-------------------------+-------+-------+-------++-------
Melee: Dagger            |    10 |    30 |     8 ||    48
       Mace              |       |    10 |       ||    10
       Flail             |       |     3 |       ||     3
 Cast: Sandblast         |    35 |    46 |    21 ||   102
       Stone Arrow       |       |     6 |     6 ||    12
  Use: Scroll            |       |     6 |     4 ||    10
       Potion            |       |       |     3 ||     3
Armor: Robe              |     7 |    19 |     8 ||    34
Dodge: Dodged            |    12 |    44 |    23 ||    79

Table legend: (Time is in decaauts)
 A = Elapsed time spent in this place.
 B = Non-inter-level travel time spent in this place.
 C = Inter-level travel time spent in this place.
 D = Time resting spent in this place.
 E = Time spent auto-exploring this place.
 F = Levels seen in this place.
 G = Mean time per level.
                   A        B        C        D        E       F      G
               +--------+--------+--------+--------+--------+-----+--------+
         Total |   4497 |   4362 |    135 |    543 |   3031 |   6 |  749.5 |
       Dungeon |   4294 |   4184 |    110 |    474 |   2953 |   5 |  858.8 |
        Temple |    202 |    177 |     25 |     69 |     78 |   1 |  202.0 |
               +--------+--------+--------+--------+--------+-----+--------+

Top non-repeatable levels by time:
     D:1: 1319 daAuts
     D:3: 1195 daAuts
     D:4: 1093 daAuts
     D:2: 629 daAuts
  Temple: 202 daAuts
     D:5: 56 daAuts
